AoeStats
← Malelf

Arabia

507240064Analyzed
1v1 RM · 16d ago on Sep 17, 2026· 42m 16s· 2 players
Game mode
Random Map
Map size
Tiny (2 player)
Population
200
Speed
Normal
Resources
Standard
Victory
Conquest
Starting age
Dark Age
Ending age
Imperial Age
RankedLock teamsTeams togetherTeam positionsShared explorationLock speedFull tech treeHidden civsTurbo modeCheats
Victory
Defeat
🇪🇸 Byzantines · Spain
1683
+16
🇮🇹 Khmer · Italy
1685
-16
korn
10:08 Feudal Age
9:29 Loom
15:11 Castle Age
13:32 Double-Bit Axe
14:07 Horse Collar
15:29 Fletching
23:14 Bow Saw
31:21 Gold Mining
32:26 Scale Barding Armor
33:05 Ballistics
33:53 Chain Barding Armor
36:17 Forging
38:04 Iron Casting
38:17 Husbandry
39:02 Wheelbarrow
39:12 Bodkin Arrow
Malelf
7:46 Loom
10:26 Feudal Age
11:06 Double-Bit Axe
11:06 Fishing Lines
15:11 Fletching
20:06 Castle Age
18:37 Gold Mining
19:08 Padded Archer Armor
20:19 Horse Collar
20:15 Crossbowman
20:58 Bodkin Arrow
22:11 Bow Saw
25:25 Heavy Plow
34:54 Imperial Age
33:04 Wheelbarrow
33:36 Gold Shaft Mining
32:53 Stone Mining
33:57 Bloodlines
33:56 Devotion
34:05 Town Watch
35:29 Scale Barding Armor
35:55 Husbandry
36:10 Forging
36:25 Siege Engineers
36:40 Ballistics
37:51 Crop Rotation
37:38 Hand Cart
38:17 Chain Barding Armor
38:33 Iron Casting
39:51 Bracer
40:55 Chemistry
Connection lost

Rejoining the realm…

Still unreachable

The connection could not be restored.

Session expired

The server has moved on; the page needs a fresh start.